[Event "EYCC Girls-U16 2019"]
[Site "Bratislava"]
[Date "2019.08.10"]
[Round "9.6"]
[White "Bulatova, Kamaliya"]
[Black "Zarebska, Lena"]
[Result "1-0"]
[ECO "E70"]
[WhiteElo "2157"]
[BlackElo "1773"]
[Annotator "NA"]
[PlyCount "163"]
[EventDate "2019.08.02"]
[EventType "swiss"]
[EventCountry "SVK"]
[SourceTitle "playchess.com"]
[Source "ChessBase"]
[SourceQuality "1"]
[TimeControl "40/5400+30:1800+30"]

1. d4 Nf6 2. c4 g6 3. Nc3 Bg7 4. e4 O-O 5. h3 d6 6. Nf3 Re8 7. Be3 c5 8. dxc5 Qa5 9. Nd2 Nfd7 10. cxd6 Bxc3 11. bxc3 exd6 12. Qc2 Nc5 13. Be2 Bd7 14. O-O Bc6 15. Bf3 Nbd7 16. Nb3 Qc7 17. Nxc5 Nxc5 18. Bxc5 dxc5 19. Rfe1 Re5 20. Re3 Rae8 21. Rae1 Qe7 22. Qe2 b6 23. g4 g5 24. Bg2 Bb7 25. Rd1 Re6 26. Qd2 Bc6 27. f3 Ba4 28. Rde1 Rd8 29. Qf2 Qd6 30. e5 Qd2 31. R1e2 Qc1+ 32. Kh2 Bd1 33. Qf1 Qb1 34. f4 gxf4 35. Qxf4 Qg6 36. Rf2 Re7 37. Bd5 Rf8 38. Re1 Ba4 39. h4 h6 40. Qd2 Qg7 41. e6 fxe6 42. Bxe6+ Kh8 43. g5 Rxf2+ 44. Qxf2 Bc6 45. Re3 Re8 46. Qg3 hxg5 47. Re5 Qh7 48. Qxg5 Qg7 49. Qh5+ Qh7 50. Qg4 Qc2+ 51. Re2 Qh7 52. Rf2 Qg7 53. Qh5+ Qh7 54. Qe5+ Qg7 55. Qh5+ Qh7 56. Qxh7+ Kxh7 57. Bd5 Ba4 58. Rf7+ Kh6 59. Rxa7 Re2+ 60. Kg3 Be8 61. Ra6 Rb2 62. a4 Kg7 63. a5 bxa5 64. Rxa5 Rb3 65. Rxc5 Rxc3+ 66. Kf4 Rh3 67. Rc8 Ba4 68. Rc7+ Kh6 69. Kg4 Re3 70. Bf3 Re8 71. Ra7 Rg8+ 72. Kh3 Bc2 73. Ra6+ Kh7 74. c5 Bf5+ 75. Kh2 Rg7 76. Rf6 Bc2 77. c6 Rc7 78. Rd6 Ba4 79. h5 Rg7 80. Be4+ Kg8 81. Rd8+ Kf7 82. c7 1-0

[Event "EYCC Girls-U16 2019"]
[Site "Bratislava"]
[Date "2019.08.10"]
[Round "9.7"]
[White "Czarnecka, Lidia"]
[Black "Laurincova, Kristyna"]
[Result "1/2-1/2"]
[ECO "B74"]
[WhiteElo "1731"]
[BlackElo "1981"]
[Annotator "NA"]
[PlyCount "162"]
[EventDate "2019.08.02"]
[EventType "swiss"]
[EventCountry "SVK"]
[SourceTitle "playchess.com"]
[Source "ChessBase"]
[SourceQuality "1"]
[TimeControl "40/5400+30:1800+30"]

1. e4 c5 2. Nf3 d6 3. d4 cxd4 4. Nxd4 Nf6 5. Nc3 g6 6. Be3 Bg7 7. Be2 O-O 8. O-O Nc6 9. Nb3 Be6 10. f4 Qc8 11. h3 Rd8 12. Bf3 Bc4 13. Re1 d5 14. exd5 Nb4 15. Qc1 Nfxd5 16. Bxd5 Nxd5 17. Nxd5 Bxd5 18. c3 Qc6 19. Qc2 b6 20. Qf2 Rd7 21. Nd4 Qb7 22. Red1 Rad8 23. Rd2 Qc7 24. a3 e5 25. Ne2 Bb3 26. Rxd7 Rxd7 27. Re1 Qd8 28. Ng3 f5 29. Nf1 e4 30. Ng3 Bc4 31. Ne2 Bxe2 32. Rxe2 Rd1+ 33. Kh2 Rd3 34. Rd2 Kf7 35. Kg1 Ke6 36. Qe1 Qd5 37. Kf2 Bf6 38. Qe2 Kd6 39. Ke1 Bh4+ 40. Kd1 Rxd2+ 41. Qxd2 Qxd2+ 42. Kxd2 Bg3 43. c4 h6 44. b4 Kc6 45. Ke2 Bh4 46. Bd4 Be7 47. Ke3 h5 48. Be5 a5 49. Bc3 axb4 50. axb4 h4 51. Ke2 Bd6 52. Ke3 Bf8 53. Be1 Be7 54. Bc3 Bf8 55. Be1 Be7 56. Bc3 Kd7 57. Ke2 Ke6 58. Ke3 g5 59. Be1 Kf6 60. Bc3+ Kg6 61. Be1 Bd6 62. fxg5 Kxg5 63. Bc3 Be7 64. Bd2 Kf6 65. Bc3+ Ke6 66. Kf4 Bd6+ 67. Ke3 Be5 68. Be1 Bf6 69. Kf4 Bd8 70. Bc3 Bc7+ 71. Ke3 Kf7 72. Bd4 Kg6 73. Bc3 Kg5 74. Bd4 Bf4+ 75. Ke2 Bc7 76. Ke3 Bf4+ 77. Ke2 Bd6 78. Bxb6 Bxb4 79. Bd8+ Kh5 80. Bb6 Kg6 81. Bd8 Kh5 1/2-1/2

[Event "EYCC Girls-U16 2019"]
[Site "Bratislava"]
[Date "2019.08.10"]
[Round "9.8"]
[White "Vanduyfhuys, Daria"]
[Black "Adamczyk, Zuzanna"]
[Result "1-0"]
[ECO "E16"]
[WhiteElo "2114"]
[BlackElo "1900"]
[Annotator "NA"]
[PlyCount "97"]
[EventDate "2019.08.02"]
[EventType "swiss"]
[EventCountry "SVK"]
[SourceTitle "playchess.com"]
[Source "ChessBase"]
[SourceQuality "1"]
[TimeControl "40/5400+30:1800+30"]

1. d4 Nf6 2. c4 e6 3. Nf3 b6 4. g3 Bb7 5. Bg2 Bb4+ 6. Bd2 Bxd2+ 7. Qxd2 O-O 8. O-O d6 9. Nc3 Ne4 10. Nxe4 Bxe4 11. Ne1 Bxg2 12. Nxg2 d5 13. cxd5 Qxd5 14. Ne3 Qd7 15. Rfd1 c6 16. Rac1 Na6 17. Qc3 Rac8 18. Qa3 Nb8 19. Nc4 Rfd8 20. Ne5 Qb7 21. e3 Rc7 22. b4 Qc8 23. Rc3 Nd7 24. Nxd7 Qxd7 25. Rdc1 Rdc8 26. Qb3 h6 27. Qc2 Qd6 28. Rc4 Qe7 29. a4 Qd6 30. a5 Qd5 31. Qc3 Qb5 32. e4 Kf8 33. Kg2 Kg8 34. h4 Kf8 35. g4 Kg8 36. Rc2 g6 37. axb6 axb6 38. Qe3 Kh7 39. Qf4 f5 40. Qd6 fxe4 41. Qxe6 Qa4 42. Qxe4 b5 43. Rc5 Qxb4 44. h5 Rg8 45. Rxc6 Rcg7 46. Rxg6 Rxg6 47. Rc7+ Kh8 48. hxg6 Rd8 49. Qe5+ 1-0

[Event "EYCC Girls-U16 2019"]
[Site "Bratislava"]
[Date "2019.08.10"]
[Round "9.9"]
[White "Kuhar, Larisa"]
[Black "Ciolacu, Alessia-Mihaela"]
[Result "1/2-1/2"]
[ECO "C44"]
[WhiteElo "1894"]
[BlackElo "2199"]
[Annotator "NA"]
[PlyCount "94"]
[EventDate "2019.08.02"]
[EventType "swiss"]
[EventCountry "SVK"]
[SourceTitle "playchess.com"]
[Source "ChessBase"]
[SourceQuality "1"]
[TimeControl "40/5400+30:1800+30"]

1. e4 e5 2. Nf3 Nc6 3. d4 exd4 4. Nxd4 Nf6 5. Nxc6 bxc6 6. Bd3 Bb4+ 7. c3 Bc5 8. O-O d6 9. h3 Qe7 10. Nd2 O-O 11. Nb3 Bb6 12. Re1 Qe5 13. Qf3 Bd7 14. Bf4 Qh5 15. Qg3 Qg6 16. Qxg6 hxg6 17. Nd4 Rfe8 18. Rad1 c5 19. Nf3 Bc6 20. e5 Bxf3 21. gxf3 dxe5 22. Bxe5 Rad8 23. f4 Nd7 24. c4 Nxe5 25. fxe5 Rd4 26. b3 Ba5 27. Re3 Red8 28. Kf1 Bc3 29. Ke2 Rf4 30. Re4 Rxe4+ 31. Bxe4 Rxd1 32. Kxd1 Bxe5 33. Ke2 Kf8 34. Bd5 f5 35. Ke3 g5 36. Be6 g6 37. Bd5 Ke7 38. Ke2 Kf6 39. Kf3 Bf4 40. Ke2 Ke5 41. Kf3 Kf6 42. Bc6 Be5 43. Bd5 Bd4 44. Bc6 g4+ 45. hxg4 fxg4+ 46. Kxg4 Bxf2 47. Bd7 Ke7 1/2-1/2

[Event "EYCC Girls-U16 2019"]
[Site "Bratislava"]
[Date "2019.08.10"]
[Round "9.10"]
[White "Srdanovic, Jovana"]
[Black "Guillo Longares, Cecilia"]
[Result "0-1"]
[ECO "E77"]
[WhiteElo "1975"]
[BlackElo "1916"]
[Annotator "NA"]
[PlyCount "96"]
[EventDate "2019.08.02"]
[EventType "swiss"]
[EventCountry "SVK"]
[SourceTitle "playchess.com"]
[Source "ChessBase"]
[SourceQuality "1"]
[TimeControl "40/5400+30:1800+30"]

1. d4 Nf6 2. c4 c5 3. d5 g6 4. Nc3 Bg7 5. e4 d6 6. f4 O-O 7. Nf3 e6 8. Bd3 exd5 9. cxd5 a6 10. O-O b5 11. a3 Bg4 12. h3 Bxf3 13. Qxf3 Nbd7 14. Kh1 c4 15. Bc2 Nc5 16. Be3 Nfd7 17. Qf2 Rb8 18. Bd4 a5 19. Rae1 Bxd4 20. Qxd4 f6 21. Ne2 Qe7 22. Ng1 Rbe8 23. Nf3 Qd8 24. Qc3 Qb6 25. Nd4 a4 26. h4 Nb3 27. Ne6 Rf7 28. f5 Ne5 29. Rf4 Nc5 30. Ref1 gxf5 31. exf5 Qb7 32. Rd4 Kh8 33. Bd1 Rg8 34. Bh5 Re7 35. Kh2 Nxe6 36. fxe6 Rxe6 37. Qh3 Re7 38. Rxf6 Reg7 39. Rd2 Rg3 40. Qe6 Qg7 41. Rff2 Nd3 42. Qe4 Nxf2 43. Rxf2 Rb3 44. Rf7 Qe5+ 45. Qxe5+ dxe5 46. Rf2 Rd8 47. Bf3 Re3 48. Kg3 Rxd5 0-1

[Event "EYCC Girls-U16 2019"]
[Site "Bratislava"]
[Date "2019.08.10"]
[Round "9.11"]
[White "Kvendseth, Thyra"]
[Black "Yedigaryan, Asya"]
[Result "1-0"]
[ECO "A46"]
[WhiteElo "1977"]
[BlackElo "1583"]
[Annotator "NA"]
[PlyCount "47"]
[EventDate "2019.08.02"]
[EventType "swiss"]
[EventCountry "SVK"]
[SourceTitle "playchess.com"]
[Source "ChessBase"]
[SourceQuality "1"]
[TimeControl "40/5400+30:1800+30"]

1. d4 Nf6 2. Nf3 c5 3. g3 b6 4. Bg2 Bb7 5. c3 g6 6. O-O Bg7 7. Qb3 Bd5 8. c4 Bc6 9. d5 Bb7 10. Nc3 d6 11. e4 Nbd7 12. Bd2 O-O 13. Rae1 h6 14. Nh4 Kh7 15. f4 Ne8 16. Qc2 Bd4+ 17. Kh1 Bf6 18. Nf3 Qc7 19. e5 Bg7 20. e6 fxe6 21. Rxe6 Rf6 22. Rxe7 Qd8 23. Rfe1 Nc7 24. Ne4 1-0

[Event "EYCC Girls-U16 2019"]
[Site "Bratislava"]
[Date "2019.08.10"]
[Round "9.12"]
[White "Sade, Defne"]
[Black "Khachatryan, Veronika"]
[Result "1-0"]
[ECO "B35"]
[WhiteElo "1897"]
[BlackElo "1870"]
[Annotator "NA"]
[PlyCount "95"]
[EventDate "2019.08.02"]
[EventType "swiss"]
[EventCountry "SVK"]
[SourceTitle "playchess.com"]
[Source "ChessBase"]
[SourceQuality "1"]
[TimeControl "40/5400+30:1800+30"]

1. e4 c5 2. Nf3 Nc6 3. d4 cxd4 4. Nxd4 g6 5. Nc3 Bg7 6. Be3 Nf6 7. Bc4 O-O 8. Bb3 a5 9. a4 Ng4 10. O-O Nxe3 11. fxe3 Ne5 12. h3 d6 13. Kh1 Bd7 14. Nf3 Rc8 15. Qe1 Nc4 16. Ng5 e6 17. Qg3 Nxb2 18. Nb5 Bxb5 19. axb5 Rc5 20. Nxf7 Rxf7 21. Bxe6 Rcc7 22. Rxf7 Rxf7 23. Rf1 Bf6 24. e5 dxe5 25. e4 a4 26. Qa3 Kg7 27. Bxf7 Kxf7 28. Qxb2 Kg7 29. Qa3 Qd4 30. Qf3 Qd6 31. c4 b6 32. Rd1 Qe6 33. Qd3 Be7 34. Qd5 Qxd5 35. cxd5 Bd6 36. Kh2 Kf6 37. Kg3 a3 38. Rd2 Bb4 39. Ra2 Ke7 40. Kg4 h6 41. h4 h5+ 42. Kg5 Kf7 43. Kh6 Bf8+ 44. Kh7 Bc5 45. Ra1 Bb4 46. Rf1+ Ke7 47. Rf2 Bc3 48. Ra2 1-0

[Event "EYCC Girls-U16 2019"]
[Site "Bratislava"]
[Date "2019.08.10"]
[Round "9.13"]
[White "Marcinczyk, Monika"]
[Black "Donghvani, Nia"]
[Result "1-0"]
[ECO "B85"]
[WhiteElo "1960"]
[BlackElo "1864"]
[Annotator "NA"]
[PlyCount "47"]
[EventDate "2019.08.02"]
[EventType "swiss"]
[EventCountry "SVK"]
[SourceTitle "playchess.com"]
[Source "ChessBase"]
[SourceQuality "1"]
[TimeControl "40/5400+30:1800+30"]

1. e4 c5 2. Nf3 e6 3. d4 cxd4 4. Nxd4 a6 5. Be2 Nf6 6. Nc3 Qc7 7. O-O d6 8. f4 Be7 9. Qe1 O-O 10. Qg3 Qb6 11. Be3 Qxb2 12. Bf2 Qb4 13. e5 dxe5 14. fxe5 Nfd7 15. Nb3 Bd8 16. Bd3 Nc6 17. Rae1 Bc7 18. Bxh7+ Kxh7 19. Re4 Qa3 20. Rh4+ Kg8 21. Qh3 f6 22. Qxe6+ Rf7 23. Qh3 Re7 24. e6 1-0

[Event "EYCC Girls-U16 2019"]
[Site "Bratislava"]
[Date "2019.08.10"]
[Round "9.14"]
[White "Lukacs, Anna Kata"]
[Black "Eizaguerri Floris, Maria"]
[Result "1-0"]
[ECO "C11"]
[WhiteElo "1907"]
[BlackElo "2099"]
[Annotator "NA"]
[PlyCount "95"]
[EventDate "2019.08.02"]
[EventType "swiss"]
[EventCountry "SVK"]
[SourceTitle "playchess.com"]
[Source "ChessBase"]
[SourceQuality "1"]
[TimeControl "40/5400+30:1800+30"]

1. e4 e6 2. d4 d5 3. Nc3 Nf6 4. e5 Nfd7 5. f4 c5 6. Nf3 Nc6 7. Ne2 a6 8. c3 b5 9. g3 Qb6 10. Bh3 g6 11. O-O Be7 12. Kh1 b4 13. Qc2 a5 14. Be3 Ba6 15. g4 Rc8 16. Qd2 bxc3 17. bxc3 cxd4 18. Nfxd4 Nxd4 19. Bxd4 Bc5 20. Rab1 Qa7 21. Rfd1 Nb6 22. f5 Nc4 23. Qg5 Qe7 24. Qf4 Na3 25. Rb2 Bxe2 26. Rxe2 Nb5 27. Rb2 Nxd4 28. cxd4 Bb4 29. Rdb1 Rc3 30. Bf1 g5 31. Bb5+ Kf8 32. Qf2 h6 33. Rc2 h5 34. Rxc3 Bxc3 35. Qc2 Qc7 36. Rb3 Kg7 37. f6+ Kh6 38. Qxc3 Rc8 39. Qxc7 Rxc7 40. gxh5 Kxh5 41. Be2+ Kg6 42. Rh3 Kf5 43. Bd3+ Kg4 44. Rg3+ Kf4 45. Kg2 Rb7 46. Rf3+ Kg4 47. Be2 Kh4 48. Rh3# 1-0

[Event "EYCC Girls-U16 2019"]
[Site "Bratislava"]
[Date "2019.08.10"]
[Round "9.15"]
[White "Ozbek, Busra"]
[Black "Katkov, Michelle"]
[Result "0-1"]
[ECO "C80"]
[WhiteElo "1866"]
[BlackElo "2129"]
[Annotator "NA"]
[PlyCount "106"]
[EventDate "2019.08.02"]
[EventType "swiss"]
[EventCountry "SVK"]
[SourceTitle "playchess.com"]
[Source "ChessBase"]
[SourceQuality "1"]
[TimeControl "40/5400+30:1800+30"]

1. e4 e5 2. Nf3 Nc6 3. Bb5 a6 4. Ba4 Nf6 5. O-O Nxe4 6. d4 b5 7. Bb3 d5 8. dxe5 Be6 9. Nbd2 Bc5 10. Nxe4 dxe4 11. Bxe6 fxe6 12. Ng5 Qxd1 13. Rxd1 O-O 14. Nxe4 Bb6 15. a4 Rad8 16. Bg5 Rd5 17. axb5 axb5 18. Re1 Rxe5 19. Bd2 Nd4 20. Bc3 Ref5 21. Rad1 Nxc2 22. Re2 Rd5 23. Rxd5 exd5 24. Ng5 Nd4 25. Rd2 Nb3 26. Rxd5 Rxf2 27. Bd4 Bxd4 28. Rxd4 Rxg2+ 29. Kxg2 Nxd4 30. Kf2 h6 31. Ne4 Kf7 32. Nc5 Ne6 33. Ne4 Ng5 34. Nc5 Ke7 35. Ke3 Kd6 36. b4 Kd5 37. Kd3 h5 38. Na6 Ne6 39. Nb8 Nf4+ 40. Ke3 g5 41. Na6 Ne6 42. Kd2 Kc4 43. Kc2 h4 44. Kd2 c6 45. Nb8 Nd4 46. Na6 Nf3+ 47. Ke3 Nxh2 48. Kf2 Ng4+ 49. Kg1 Ne5 50. Nc7 Kxb4 51. Ne6 g4 52. Nf4 c5 53. Nd5+ Kb3 0-1

[Event "EYCC Girls-U16 2019"]
[Site "Bratislava"]
[Date "2019.08.10"]
[Round "9.16"]
[White "Dubovyk, Anastasiia"]
[Black "Ilyina, Lada"]
[Result "0-1"]
[ECO "C02"]
[WhiteElo "1824"]
[BlackElo "2048"]
[Annotator "NA"]
[PlyCount "70"]
[EventDate "2019.08.02"]
[EventType "swiss"]
[EventCountry "SVK"]
[SourceTitle "playchess.com"]
[Source "ChessBase"]
[SourceQuality "1"]
[TimeControl "40/5400+30:1800+30"]

1. e4 e6 2. d4 d5 3. e5 c5 4. c3 Qb6 5. Nf3 Nc6 6. a3 Bd7 7. b4 cxd4 8. cxd4 Rc8 9. Be3 Nge7 10. Bd3 Nf5 11. O-O Nxe3 12. fxe3 Be7 13. Nbd2 Nb8 14. Rc1 O-O 15. Qb3 Bb5 16. h4 Qa6 17. Bxb5 Qxb5 18. Rc3 Rc6 19. Rfc1 Rfc8 20. e4 a5 21. exd5 exd5 22. Rxc6 Rxc6 23. Rxc6 Nxc6 24. a4 Qxb4 25. Qxd5 Nxd4 26. Qd7 Ne6 27. h5 h6 28. Kh1 Bf8 29. Qd5 Qg4 30. Qxb7 Qxh5+ 31. Nh2 Qd1+ 32. Nhf1 Qxa4 33. Ne4 Qd1 34. Qa6 Qh5+ 35. Kg1 Qxe5 0-1

[Event "EYCC Girls-U16 2019"]
[Site "Bratislava"]
[Date "2019.08.10"]
[Round "9.17"]
[White "Djidjeli, Sarah"]
[Black "Diez, Ambre"]
[Result "1-0"]
[ECO "C54"]
[WhiteElo "2017"]
[BlackElo "1908"]
[Annotator "NA"]
[PlyCount "89"]
[EventDate "2019.08.02"]
[EventType "swiss"]
[EventCountry "SVK"]
[SourceTitle "playchess.com"]
[Source "ChessBase"]
[SourceQuality "1"]
[TimeControl "40/5400+30:1800+30"]

1. e4 e5 2. Nf3 Nc6 3. Bc4 Bc5 4. c3 Nf6 5. d3 O-O 6. O-O d5 7. exd5 Nxd5 8. a4 a6 9. Nbd2 Nb6 10. Ba2 Bf5 11. b4 Bd6 12. Ne4 h6 13. a5 Nc8 14. Qe2 Re8 15. Bd2 Bf8 16. Rfe1 Nd6 17. Rad1 Be6 18. Bxe6 Rxe6 19. Bc1 g6 20. Qa2 Bg7 21. Nfd2 Re7 22. Nxd6 Qxd6 23. Ne4 Qd8 24. Qc4 Na7 25. Nc5 Rb8 26. Qh4 g5 27. Qc4 Nb5 28. Bd2 Nd6 29. Qg4 b6 30. axb6 cxb6 31. Nxa6 Ra8 32. b5 Nxb5 33. Nb4 Rc7 34. c4 Nd4 35. Nd5 Rc6 36. Bb4 Re6 37. Bc3 Qd6 38. Rb1 Ra6 39. h3 f5 40. Qd1 e4 41. dxe4 Nc6 42. Bxg7 Kxg7 43. exf5 Rxe1+ 44. Qxe1 Ne5 45. Qe4 1-0

[Event "EYCC Girls-U16 2019"]
[Site "Bratislava"]
[Date "2019.08.10"]
[Round "9.18"]
[White "Bardorz, Jana"]
[Black "Hercog, Nusa"]
[Result "1-0"]
[ECO "B48"]
[WhiteElo "1883"]
[BlackElo "2053"]
[Annotator "NA"]
[PlyCount "59"]
[EventDate "2019.08.02"]
[EventType "swiss"]
[EventCountry "SVK"]
[SourceTitle "playchess.com"]
[Source "ChessBase"]
[SourceQuality "1"]
[TimeControl "40/5400+30:1800+30"]

1. e4 c5 2. Nf3 Nc6 3. d4 cxd4 4. Nxd4 e6 5. Nc3 Qc7 6. Be3 a6 7. Qf3 Nf6 8. O-O-O Ne5 9. Qg3 b5 10. a3 Bb7 11. Bxb5 Bxa3 12. Bf4 Nh5 13. Bxe5 Nxg3 14. Bxc7 Nxh1 15. Rxh1 Bc5 16. Nb3 Bxf2 17. Ba4 Rc8 18. Bd6 Rc4 19. Na5 Be3+ 20. Kb1 Rd4 21. Nxb7 Rd2 22. g3 Bd4 23. Bb4 Rg2 24. Nd6+ Ke7 25. Nf5+ Kd8 26. Nxd4 Kc7 27. Ba5+ Kc8 28. Nf3 Rf2 29. Ne5 d6 30. Nc4 1-0

[Event "EYCC Girls-U16 2019"]
[Site "Bratislava"]
[Date "2019.08.10"]
[Round "9.19"]
[White "De Zoeten, Cato"]
[Black "Pipia, Ekaterine"]
[Result "0-1"]
[ECO "B06"]
[WhiteElo "1684"]
[BlackElo "1945"]
[Annotator "NA"]
[PlyCount "88"]
[EventDate "2019.08.02"]
[EventType "swiss"]
[EventCountry "SVK"]
[SourceTitle "playchess.com"]
[Source "ChessBase"]
[SourceQuality "1"]
[TimeControl "40/5400+30:1800+30"]

1. e4 g6 2. d4 Bg7 3. Nc3 d6 4. Be3 a6 5. Qd2 b5 6. h4 h5 7. O-O-O Bb7 8. Nh3 Nf6 9. e5 dxe5 10. dxe5 Qxd2+ 11. Bxd2 Ng4 12. e6 f5 13. f3 Ne5 14. Nf4 Nbc6 15. Ncd5 O-O-O 16. Bc3 Rhe8 17. Nxg6 Bh6+ 18. Ngf4 Rxd5 19. Rxd5 Bxf4+ 20. Kb1 Rd8 21. Rxd8+ Kxd8 22. Be2 Bc8 23. g4 fxg4 24. fxg4 hxg4 25. Rf1 Bh6 26. Rf5 Bxe6 27. Rxe5 Nxe5 28. Bxe5 c6 29. b3 Ke8 30. a4 Kf7 31. axb5 axb5 32. Bg3 Kg6 33. c4 bxc4 34. bxc4 Bf5+ 35. Ka2 Bg7 36. Kb3 Bf6 37. Kb4 Kh5 38. Kc5 Be4 39. Bf1 Bxh4 40. Kd4 Bh1 41. Bxh4 Kxh4 42. Ke3 g3 43. Bd3 Kh3 44. Bf5+ Kh2 0-1

[Event "EYCC Girls-U16 2019"]
[Site "Bratislava"]
[Date "2019.08.10"]
[Round "9.20"]
[White "Levitan, Ronit"]
[Black "Rzali, Sabina"]
[Result "0-1"]
[ECO "C10"]
[WhiteElo "2022"]
[BlackElo "1691"]
[Annotator "NA"]
[PlyCount "158"]
[EventDate "2019.08.02"]
[EventType "swiss"]
[EventCountry "SVK"]
[SourceTitle "playchess.com"]
[Source "ChessBase"]
[SourceQuality "1"]
[TimeControl "40/5400+30:1800+30"]

1. e4 e6 2. d4 d5 3. Nd2 dxe4 4. Nxe4 Bd7 5. Nf3 Bc6 6. Bd3 Nd7 7. c3 Ngf6 8. Ng3 Be7 9. O-O O-O 10. Re1 Bxf3 11. Qxf3 c6 12. a4 a5 13. Bc2 Re8 14. Nf1 Qc7 15. Bf4 Bd6 16. Bxd6 Qxd6 17. Rad1 Nd5 18. Nd2 Qe7 19. Qd3 Nf8 20. Nf3 Rad8 21. Bb1 Qf6 22. g3 Nb6 23. Bc2 g6 24. Ne5 Nfd7 25. Nxd7 Nxd7 26. Qc4 Qe7 27. Qb3 Nf6 28. Bd3 Qc7 29. Bf1 Rd6 30. Bg2 Red8 31. Re5 Nd5 32. Rde1 Nf6 33. h4 Kg7 34. Bf3 h5 35. Qc2 Rh8 36. Qc1 Nd7 37. R5e2 c5 38. d5 exd5 39. Re7 Qb6 40. Qg5 Nf6 41. c4 Qxb2 42. cxd5 Rhd8 43. g4 hxg4 44. Bxg4 Nxg4 45. Qxg4 Rxd5 46. h5 Rxh5 47. Rxf7+ Kxf7 48. Qe6+ Kg7 49. Qe7+ Kh6 50. Qxd8 Rg5+ 51. Kf1 Qd4 52. Qxd4 cxd4 53. Rb1 Rc5 54. Rxb7 Rc4 55. Ke2 Rxa4 56. Kd3 Kg5 57. Rf7 Rb4 58. f4+ Kg4 59. Rf6 Kh5 60. Rf8 Rb5 61. Rh8+ Kg4 62. Rg8 Rb6 63. Ke4 Re6+ 64. Kxd4 Kxf4 65. Ra8 Re5 66. Rf8+ Rf5 67. Re8 g5 68. Re4+ Kg3 69. Ke3 g4 70. Ra4 Kh3 71. Rd4 g3 72. Rd8 g2 73. Rg8 Kh2 74. Rh8+ Kg1 75. Ke4 Rf7 76. Rb8 Kf2 77. Rb2+ Kg3 78. Rb3+ Kh2 79. Rb2 Kh1 0-1

[Event "EYCC Girls-U16 2019"]
[Site "Bratislava"]
[Date "2019.08.10"]
[Round "9.21"]
[White "Gombocz, Zsofia"]
[Black "Garau, Francesca"]
[Result "0-1"]
[ECO "B13"]
[WhiteElo "1981"]
[BlackElo "1835"]
[Annotator "NA RC"]
[PlyCount "120"]
[EventDate "2019.08.02"]
[EventType "swiss"]
[EventCountry "SVK"]
[SourceTitle "playchess.com"]
[Source "ChessBase"]
[SourceQuality "1"]
[TimeControl "40/5400+30:1800+30"]

1. e4 c6 2. d4 d5 3. exd5 cxd5 4. Bd3 Nc6 5. c3 Nf6 6. Bf4 Bg4 7. Qb3 Qd7 8. Nd2 e6 9. Ngf3 Bxf3 10. Nxf3 Be7 11. Ne5 Qc8 12. Nxc6 bxc6 13. O-O O-O 14. c4 Qd7 15. Rfd1 Bd6 16. Bxd6 Qxd6 17. c5 Qc7 18. Re1 Rfe8 19. Re5 Ng4 20. Rh5 Nf6 21. Bxh7+ Kh8 22. Qh3 Nxh5 23. Qxh5 Qf4 24. Bd3+ Qh6 25. Qxf7 Rf8 26. Qg6 Qxg6 27. Bxg6 Rf6 28. Bh5 Rb8 29. b3 g6 30. Bg4 Rb4 31. Rd1 Rf4 32. Bxe6 Rbxd4 33. Rxd4 Rxd4 34. Kf1 Re4 35. Bd7 d4 36. Bxc6 Re5 37. Bb5 Rxc5 38. Bd3 Kg7 39. Ke2 Kf6 40. Kd2 a5 41. h3 g5 42. Bc4 Ke5 43. Kd3 Rc8 44. a4 Rf8 45. Ke2 Kd6 46. f3 Kc5 47. Kd3 Re8 48. Kd2 Re3 49. Bf7 Kd6 50. Bc4 Ke5 51. Bf7 Kf4 52. Bc4 Kg3 53. Bd5 Kf2 54. g4 Kg3 55. Kc2 Kxh3 56. Kd2 Kg3 57. Kc2 Kf4 58. Bb7 Rc3+ 59. Kb2 Rc7 60. Be4 Ke3 0-1

[Event "EYCC Girls-U16 2019"]
[Site "Bratislava"]
[Date "2019.08.10"]
[Round "9.22"]
[White "Duran, Esma Doga"]
[Black "Pecorini, Angie"]
[Result "1/2-1/2"]
[ECO "A04"]
[WhiteElo "2096"]
[BlackElo "1781"]
[Annotator "NA RC"]
[PlyCount "104"]
[EventDate "2019.08.02"]
[EventType "swiss"]
[EventCountry "SVK"]
[SourceTitle "playchess.com"]
[Source "ChessBase"]
[SourceQuality "1"]
[TimeControl "40/5400+30:1800+30"]

1. Nf3 c5 2. c4 Nc6 3. g3 Nd4 4. e3 Nxf3+ 5. Qxf3 Nf6 6. Nc3 d6 7. Bg2 Rb8 8. h3 g6 9. b3 Bg7 10. Bb2 O-O 11. O-O a6 12. Qe2 b5 13. d3 e6 14. e4 Nd7 15. f4 Bd4+ 16. Kh2 Qf6 17. Nd1 b4 18. Rb1 a5 19. Ne3 Bxb2 20. Rxb2 Qg7 21. Rd2 Bb7 22. Nc2 e5 23. Ne3 Ra8 24. a4 f6 25. h4 Nb8 26. Bh3 Nc6 27. Be6+ Kh8 28. Nc2 Nd8 29. Bd5 Bxd5 30. cxd5 Nf7 31. Ne3 h5 32. f5 Nh6 33. Qf3 Rf7 34. Nc4 Ng4+ 35. Kh3 Ra6 36. fxg6 Qxg6 37. Ne3 Nxe3 38. Qxe3 Qg4+ 39. Kh2 Kg7 40. Rf5 Ra8 41. Rdf2 Qd1 42. g4 hxg4 43. Rh5 Rh8 44. Rxh8 Kxh8 45. Rf5 Kg8 46. h5 Rg7 47. Qg3 Qd2+ 48. Kg1 Qc1+ 49. Kg2 Qd2+ 50. Kg1 Kf7 51. Qf2 Qh6 52. Kg2 g3 1/2-1/2

[Event "EYCC Girls-U16 2019"]
[Site "Bratislava"]
[Date "2019.08.10"]
[Round "9.23"]
[White "Filippova, Margarita"]
[Black "Taragelova, Martina"]
[Result "1-0"]
[ECO "D00"]
[WhiteElo "2029"]
[BlackElo "1719"]
[Annotator "NA RC"]
[PlyCount "57"]
[EventDate "2019.08.02"]
[EventType "swiss"]
[EventCountry "SVK"]
[SourceTitle "playchess.com"]
[Source "ChessBase"]
[SourceQuality "1"]
[TimeControl "40/5400+30:1800+30"]

1. d4 d5 2. Bf4 Nf6 3. e3 c5 4. c3 e6 5. Nd2 Nc6 6. Bd3 Be7 7. Ngf3 a6 8. Ne5 Nxe5 9. dxe5 Nd7 10. e4 b5 11. exd5 exd5 12. O-O Nf8 13. Bg3 Bh4 14. Qf3 Ng6 15. a4 Bxg3 16. Qxg3 c4 17. Bc2 Qb6 18. axb5 O-O 19. Nf3 Bd7 20. bxa6 Rxa6 21. Rxa6 Qxa6 22. Nd4 Qb6 23. f4 Ra8 24. f5 Nf8 25. f6 Ne6 26. Qh4 g6 27. Qh6 Kh8 28. Rf3 Rg8 29. Qxh7+ 1-0

[Event "EYCC Girls-U16 2019"]
[Site "Bratislava"]
[Date "2019.08.10"]
[Round "9.24"]
[White "Afanasieva, Alexandra"]
[Black "Dejanovic, Tereza"]
[Result "1-0"]
[ECO "B90"]
[WhiteElo "2085"]
[BlackElo "1834"]
[Annotator "NA RC"]
[PlyCount "103"]
[EventDate "2019.08.02"]
[EventType "swiss"]
[EventCountry "SVK"]
[SourceTitle "playchess.com"]
[Source "ChessBase"]
[SourceQuality "1"]
[TimeControl "40/5400+30:1800+30"]

1. e4 c5 2. Nf3 d6 3. d4 cxd4 4. Nxd4 Nf6 5. Nc3 a6 6. h3 e6 7. g4 b5 8. Bg2 Bb7 9. O-O Be7 10. e5 Bxg2 11. exf6 Bxf1 12. fxe7 Qxe7 13. Kxf1 Qh4 14. Qf3 d5 15. Nxd5 Ra7 16. Bf4 O-O 17. Bxb8 Rd7 18. Bf4 Rxd5 19. c3 Qd8 20. Re1 Qd7 21. Qe4 Re8 22. Bg3 b4 23. Re3 bxc3 24. bxc3 Qa4 25. Kg2 Qxa2 26. Nc6 Rd7 27. c4 a5 28. c5 Rd1 29. Ne7+ Kh8 30. Nf5 Qd5 31. Qxd5 Rxd5 32. Nd6 Rf8 33. Rc3 e5 34. Nf5 Rc8 35. c6 Rc7 36. Kf3 f6 37. Ke4 Rd8 38. f4 g6 39. fxe5 gxf5+ 40. gxf5 Rdc8 41. Kd5 a4 42. e6 Ra7 43. Bd6 Ra5+ 44. Rc5 Raa8 45. Be7 Kg7 46. Rc3 Ra5+ 47. Kd6 a3 48. Rg3+ Kh6 49. Bxf6 Ra6 50. Rc3 a2 51. Rc1 Rca8 52. e7 1-0